 Dungeon Crawl Stone Soup version 0.26-a0-800-g517d6fe721 (webtiles) character file.

Game seed: 15647461059258183441

75 Decritt the Gusty (level 4, -8/24 HPs)
             Began as a Tengu Air Elementalist on Nov 11, 2020.
             Mangled by a gnoll
             ... wielding a +0 flail
              (14 damage)
             ... on level 1 of the Dungeon.
             The game lasted 00:05:20 (1672 turns).

Decritt the Gusty (Tengu Air Elementalist)          Turns: 1672, Time: 00:05:21

Health: -8/24      AC:  3    Str:  8    XL:     4   Next: 31%
Magic:  8/9        EV: 12    Int: 16    God:
Gold:   85         SH:  0    Dex: 15    Spells: 7/8 levels left

rFire    . . .     SeeInvis .   d - +1 mace (venom)
rCold    . . .     Faith    .   (no shield)
rNeg     . . .     Spirit   .   i - +0 leather armour
rPois    .         Reflect  .   (helmet restricted)
rElec    .         Harm     .   (no cloak)
rCorr    .         Rampage  .   (no gloves)
MR       .....                  (boots unavailable)
Stlth    ++........             (no amulet)
HPRegen  0.08/turn              (no ring)
MPRegen  0.11/turn              (no ring)

@: no status effects
A: beak, talons 3
a: no special abilities


You were on level 1 of the Dungeon.
You visited 1 branch of the dungeon, and saw 2 of its levels.

You collected 85 gold pieces.

Inventory:

Hand Weapons
 d - a +1 mace of venom (weapon)
Missiles
 c - 28 stones (quivered)
Armour
 a - a +0 robe
 i - a +0 leather armour (worn)
Jewellery
 l - an uncursed ring of fire
Scrolls
 b - a scroll of amnesia {unknown}
 e - a scroll of magic mapping {unknown}
 g - a scroll of identify {unknown}
 k - a scroll of teleportation {unknown}
 m - a scroll of remove curse {unknown}
Potions
 f - 2 potions of attraction {unknown}
 h - a potion of heal wounds {unknown}
 j - a potion of brilliance {unknown}


   Skills:
 + Level 0.7 Fighting
 * Level 2.1 Armour
 - Level 2.3 Dodging
 - Level 2.0 Stealth
 * Level 2.9 Spellcasting
 - Level 2.1 Conjurations
 - Level 4.3 Air Magic


You had 7 spell levels left.
You knew the following spells:

 Your Spells              Type           Power        Failure   Level
a - Shock                 Conj/Air       ##..         7%          1

Your spell library contained the following spells:

 Spells                   Type           Power        Failure   Level
 Swiftness                Air            ###.....     7%          2
 Static Discharge         Conj/Air       ##......     22%         3
 Airstrike                Air            ###.......   41%         4
 Lightning Bolt           Conj/Air       ##........   89%         5


Dungeon Overview and Level Annotations

Branches:
Dungeon (2/15)

Altars:


Innate Abilities, Weirdness & Mutations

You have a beak for a mouth.
You have claws for feet.


Message History

You barely miss the gnoll. You claw the gnoll.
The gnoll is heavily wounded.
The adder bites you. The gnoll hits you with a +0 flail!
* * * LOW HITPOINT WARNING * * *
The adder closely misses you. The gnoll hits you but does no damage.
The adder misses you.
You climb upwards.
There is a stone staircase leading down here.
Casting: Shock (safe; 7% risk of failure)
Confirm with . or Enter, or press ? or * to list all spells.
Aiming: Shock (safe; 7% risk of failure)
Press: ? - help, Shift-Dir - straight line, f - gnoll
Aim: a gnoll, wielding a +0 flail (heavily wounded)
The zap hits the gnoll.
The gnoll is severely wounded.
The adder bites you.
* * * LOW HITPOINT WARNING * * *
The gnoll hits you with a +0 flail!
Ouch! That really hurt!
You die...

...###)...##....#
#...)........#..#####
#...####............#
....# #............#
#.#.# #............#
#...# #............#
##### ######.......#
#..g.S..# #..)@...#
#.......# #.......#
#########


You could see a gnoll and an adder.

Vanquished Creatures
  3 gnolls
  2 oozes
  4 dart slugs (D:1)
  A leopard gecko (D:1)
  2 giant cockroaches (D:1)
  3 goblins (D:1)
  2 hobgoblins (D:1)
  9 kobolds (D:1)
  4 bats
  A frilled lizard (D:1)
  A rat (D:1)
32 creatures vanquished.

Notes
Turn   | Place    | Note
-------+----------+-------------------------------------------
     0 | D:1      | Decritt the Tengu Air Elementalist began the quest for the
                  | Orb.
     0 | D:1      | Reached XP level 1. HP: 10/10 MP: 4/4
   219 | D:1      | Reached XP level 2. HP: 5/15 MP: 3/6
   789 | D:1      | Reached skill level 1 in Armour
   878 | D:1      | Reached XP level 3. HP: 18/19 MP: 7/7
  1471 | D:1      | Reached XP level 4. HP: 17/24 MP: 7/9
  1672 | D:1      | Mangled by a gnoll

Illustrated notes

Levels and vault maps discovered:
D:1:      dpeg_arrival_pond, layout_basic
D:2:      layout_basic, lemuel_blue_sif_altar, grunt_ministairs_14,
          uniq_terence, uniq_crazy_yiuf_cottage, uniq_sigmund

Skill      XL: |  1  2  3 |
---------------+----------+-----
Armour         | 1 2 |  2.1
Conjurations   | 2 |  2.1
Fighting       | |  0.7
Dodging        | |  2.3
Stealth        | |  2.0
Spellcasting   | |  2.9
Air Magic      | |  4.3

Action                   |  1- 3 |  4- 6 || total
-------------------------+-------+-------++-------
Melee: Unarmed           |     5 |       ||     5
       Mace              |    34 |     4 ||    38
       Kick              |    13 |     2 ||    15
       Peck              |     6 |       ||     6
Throw: Stone             |    84 |     5 ||    89
 Cast: Shock             |    23 |     4 ||    27
Armor: Robe              |     3 |       ||     3
       Leather armour    |    11 |     2 ||    13
Dodge: Dodged            |    45 |     5 ||    50

Table legend: (Time is in decaauts)
 A = Elapsed time spent in this place.
 B = Non-inter-level travel time spent in this place.
 C = Inter-level travel time spent in this place.
 D = Time resting spent in this place.
 E = Time spent auto-exploring this place.
 F = Levels seen in this place.
 G = Mean time per level.
                   A        B        C        D        E       F      G
               +--------+--------+--------+--------+--------+-----+--------+
         Total |   1697 |   1640 |     57 |    347 |    981 |   2 |  848.5 |
       Dungeon |   1697 |   1640 |     57 |    347 |    981 |   2 |  848.5 |
               +--------+--------+--------+--------+--------+-----+--------+

Top non-repeatable levels by time:
     D:1: 1639 daAuts
     D:2: 58 daAuts
